 Dungeon Crawl Stone Soup version 0.23-a0-128-g2d122ddfbf (webtiles) character file.

21 Jesh the Sneak (level 2, -4/13 HPs)
             Began as a Spriggan Enchanter on Aug 27, 2018.
             Killed by nerve-wracking pain
             ... invoked by Jessica
              (8 damage)
             ... on level 2 of the Dungeon.
             The game lasted 00:03:37 (898 turns).

Jesh the Sneak (Spriggan Enchanter)                  Turns: 898, Time: 00:03:38

Health: -4/13      AC:  3    Str:  4    XL:     2   Next: 62%
Magic:  7/7        EV: 18    Int: 16    God:
Gold:   51         SH:  0    Dex: 16    Spells: 4/7 levels left

rFire    . . .     SeeInvis +   a - +2 dagger
rCold    . . .     Gourm    .   (shield restricted)
rNeg     . . .     Faith    .   b - +1 robe
rPois    .         Spirit   .   (helmet restricted)
rElec    .         Reflect  .   (no cloak)
rCorr    .         Harm     .   (gloves unavailable)
MR       .....                  (boots unavailable)
Stlth    +++.......             (no amulet)
HPRegen  0.04/turn              (no ring)
MPRegen  0.10/turn              (no ring)

@: very quick
A: very small, unfitting armour, see invisible, herbivore, speed 3, slow
metabolism 2
a: no special abilities


You were on level 2 of the Dungeon.
You were not hungry.

You visited 1 branch of the dungeon, and saw 2 of its levels.

You collected 51 gold pieces.

Inventory:

Hand Weapons
 a - a +2 dagger (weapon)
Armour
 b - a +1 robe (worn)
Potions
 c - a potion of brilliance {unknown}
 e - a potion of magic {unknown}
 g - a potion of curing
Comestibles
 d - a ration


   Skills:
 - Level 1.1 Short Blades
 - Level 3.0 Dodging
 - Level 4.4 Stealth
 + Level 0.3 Unarmed Combat
 + Level 3.4 Spellcasting
 + Level 4.2 Hexes


You had 4 spell levels left.
You knew the following spells:

 Your Spells              Type           Power        Failure   Level  Hunger
a - Ensorcelled Hibernat  Hex/Ice        #.....       12%         2    ##.....
b - Corona                Hex            ###....      3%          1    None

Your spell library contained the following spells:

 Spells                   Type           Power        Failure   Level  Hunger
 Confuse                  Hex            ###.....     10%         3    ###....
 Tukima's Dance           Hex            ###.....     10%         3    ###....
 Dazzling Spray           Conj/Hex       #.....       22%         3    ###....


Dungeon Overview and Level Annotations

Branches:
Dungeon (2/15)

Altars:

Annotations:
D:2 Jessica


Innate Abilities, Weirdness & Mutations

You are very small and have problems with some larger weapons.
You are too small for most types of armour.
You have supernaturally acute eyesight. (SInv)
You are a herbivore.
You cover ground extremely quickly.
You need to consume almost no food.


Message History

Ouch! That really hurt!
* * * LOW HITPOINT WARNING * * *
Jessica closely misses you.
Casting: Corona (safe; 3% risk of failure)
Confirm with . or Enter, or press ? or * to list all spells.
Aiming: Ensorcelled Hibernation (safe; 12% risk of failure)
Press: ? - help, Shift-Dir - straight line, f - you, p - Jessica
Okay, then.
Unknown command.
Jessica stops glowing.
Casting: Ensorcelled Hibernation (safe; 12% risk of failure)
Confirm with . or Enter, or press ? or * to list all spells.
Aiming: Ensorcelled Hibernation (safe; 12% risk of failure)
Press: ? - help, Shift-Dir - straight line, f - you, p - Jessica
Okay, then.
Unknown command.
Jessica casts a spell at you. Pain shoots through your body!
Ouch! That really hurt!
You die...

##.....###.#####...##
##.# ##...##
#.#####..#.###.##
#...#
#.........#.#.######
.....#
##....#...............
###...#
#..........##..#######
#### #...@......##..#
#.......#......#
###..†#.#####.##
#..@#... ..# ##.######
#.# #.# ... ... ##.##
#.# #.. ##


You could see Jessica.

Vanquished Creatures
  An ooze (D:2)
  2 giant cockroaches (D:2)
  2 goblins
  A hobgoblin (D:1)
  A kobold (D:1)
  6 bats
  2 frilled lizards
  2 rats
17 creatures vanquished.

Notes
Turn   | Place    | Note
-------+----------+-------------------------------------------
     0 | D:1      | Jesh the Spriggan Enchanter began the quest for the Orb.
     0 | D:1      | Reached XP level 1. HP: 9/9 MP: 5/5
   452 | D:1      | Reached XP level 2. HP: 10/13 MP: 7/7
   819 | D:2      | Noticed Jessica
   850 | D:1      | Learned a level 2 spell: Ensorcelled Hibernation
   898 | D:2      | Killed from afar by Jessica

Vault maps used:
D:1:      erik_arrival_triangle_large, minmay_pentomino_r4
D:2:      uniq_jessica

Skill      XL: |  1 |
---------------+----+-----
Spellcasting   | 3 |  3.4
Hexes          | 4 |  4.2
Short Blades   | |  1.1
Dodging        | |  3.0
Stealth        | |  4.4
Unarmed Combat | |  0.3

Action                   || total
-------------------------++-------
Melee: Dagger            ||    54
 Cast: Corona            ||     5
  Use: Scroll            ||     4
 Stab: Sleeping          ||     4
       Distracted        ||     1
Armor: Robe              ||     9
Dodge: Dodged            ||    39

Table legend:
 A = Non-vault XP
 B = Vault XP
 C = Vault XP percentage of total XP
 D = Non-vault monster count
 E = Vault monster count
 F = Vault count percentage of total count
                 A         B        C        D         E       F
            +---------+---------+-------+---------+---------+-------
      Total |      26 |       4 |  13.3 |      14 |       3 |  17.6
            +---------+---------+-------+---------+---------+-------
        D:1 |      10 |       4 |  28.6 |       7 |       3 |  30.0
        D:2 |      16 |       0 |   0.0 |       7 |       0 |   0.0
            +---------+---------+-------+---------+---------+-------
